 Dungeon Crawl Stone Soup version 0.30-a0-852-g08b95dd62f (webtiles) character file.

Game seed: 7389611199121383603

2 ragingrage the Sneak (level 1, -3/18 HPs)
             Began as a Demonspawn Delver on Mar 4, 2023.
             Slain by an iguana (12 damage)
             ... on level 5 of the Dungeon.
             The game lasted 00:00:22 (72 turns).

ragingrage the Sneak (Demonspawn Delver)              Turns: 72, Time: 00:00:22

Health: -3/18      AC:  3    Str: 12    XL:     1   Next: 25%
Magic:  1/1        EV: 11    Int: 11    God:
Gold:   0          SH:  0    Dex: 14    Spells: 0/0 levels left

rFire   . . .      SeeInvis .    a - +0 falchion
rCold   . . .      Faith    .    (no shield)
rNeg    . . .      Spirit   .    b - +0 leather armour
rPois   .          Reflect  .    (no helmet)
rElec   .          Rampage  .    (no cloak)
rCorr   .                        (no gloves)
Will    .....                    (no boots)
Stlth   ++                       (no amulet)
HPRegen 0.23/turn                (no ring)
MPRegen 0.07/turn                (no ring)

@: hasted, very quick
A: no striking features
a: no special abilities


You were on level 5 of the Dungeon.
You visited 1 branch of the dungeon, and saw 1 of its levels.

Inventory:

Hand Weapons
 a - a +0 falchion (weapon)
 h - a +0 short sword
Armour
 b - a +0 leather armour (worn)
Wands
 g - a wand of digging (3)
Scrolls
 c - a scroll of fog
 d - a scroll of magic mapping
 e - a scroll of fear


   Skills:
 - Level 3.0 Fighting
 + Level 2.0 Long Blades
 - Level 1.7 Dodging
 - Level 4.5 Stealth


You couldn't memorise any spells.
You didn't know any spells.
Your spell library was empty.

Dungeon Overview and Level Annotations

Branches:
Dungeon (5/15)
 Temple: D:4-7

Altars:


Message History

Welcome, ragingrage the Demonspawn Delver.
It is said that the Orb of Zot exists deep within this dungeon.
Found a stone staircase leading down.
Unknown command.
An orc comes into view. It is wielding a +0 war axe.
An orc warrior comes into view. It is wielding a +0 scimitar.
The orc shouts!
You hear a shout!
An orc comes into view. It is wielding a +0 short sword.
There is a stone staircase leading down here.
Found an escape hatch in the floor.
You barely miss the orc. The orc hits you but does no damage.
You closely miss the orc. The orc completely misses you.
You barely miss the orc. The orc hits you with a +0 short sword.
You slash the orc!
You kill the orc!
Your Long Blades skill increases to level 2!
Things that are here:
a +0 short sword; an orc corpse You start resting.
Things that are here:
a +0 short sword; an orc corpse
h - a +0 short sword
There is an escape hatch in the floor here.
You see here 6 stones.
Found a stone staircase leading down.
An iguana and a dart slug come into view.
The iguana hisses angrily.
Okay, then.
You feel yourself speed up.
You hit the iguana. The iguana barely misses you.
You closely miss the iguana. The iguana barely misses you.
You hit the iguana. The iguana misses you.
You hit the iguana. The iguana barely misses you.
You hit the iguana but do no damage. You barely miss the iguana.
The iguana bites you!
You hit the iguana. The iguana bites you.
You hit the iguana but do no damage. The iguana bites you!
Ouch! That really hurt!
You die...

#.....#.#
#.###.#.# #.
#>#.#
#.###.#.#
w..
#.....†.# #
#..
########.###
#.###..
#..(..>..#
.......
#.########
..... #@#
... #l#
#.#.####.#
#>.......#
###l######
#. #. .. #l


You could see an iguana.

Vanquished Creatures
  An orc (D:5)
1 creature vanquished.

Notes
Turn   | Place    | Note
-------+----------+-------------------------------------------
     0 | D:5      | ragingrage the Demonspawn Delver began the quest for the
                  | Orb.
     0 | D:5      | Reached XP level 1. HP: 18/18 MP: 1/1
     5 | D:5      | Noticed an orc warrior
    54 | D:5      | Noticed an iguana
    72 | D:5      | Slain by an iguana

Illustrated notes

Levels and vault maps discovered:
D:5:      layout_loops_corners, minivault_23, uniq_prince_ribbit1

Skill      XL: |  1 |
---------------+----+-----
Long Blades    | 2 |  2.0
Fighting       | |  3.0
Dodging        | |  1.7
Stealth        | |  4.5

Action                     || total
---------------------------++-------
  Melee: Falchion          ||    12
    Use: Potion            ||     1
 Armour: Leather armour    ||     1
  Dodge: Dodged            ||     5

Table legend: (Time is in decaauts)
 A = Elapsed time spent in this place.
 B = Non-inter-level travel time spent in this place.
 C = Inter-level travel time spent in this place.
 D = Time resting spent in this place.
 E = Time spent auto-exploring this place.
 F = Levels seen in this place.
 G = Mean time per level.
                   A        B        C        D        E       F      G
               +--------+--------+--------+--------+--------+-----+--------+
         Total |     71 |     71 |      0 |      8 |     10 |   1 |   71.0 |
       Dungeon |     71 |     71 |      0 |      8 |     10 |   1 |   71.0 |
               +--------+--------+--------+--------+--------+-----+--------+

Top non-repeatable levels by time:
     D:5: 71 daAuts
